Hurricanes vs Oilers

Created - March 16 2008 at 13:35

Goals
1 2 3 T
Hurricanes 1 0 1 2
Oilers 1 2 1 4
Shots
1 2 3 T
Hurricanes 7 2 13 22
Oilers 11 14 8 33

Period #1

1. Hurricanes , Jordan Staal 23 (Jean-Pierre Vigier, Cory Stillman) at 9:32
2. Oilers , Raffi Torres 13 (Steve Staios, Saku Koivu) at 15:58

Penalties :
Steve Staios (EDM) for Tripping (Minor) at 1:55, Alexei Zhitnik (EDM) for Roughing (Minor) at 7:07, Marty Reasoner (EDM) for Holding (Minor) at 13:55, Kevin Bieksa (CAR) for Interference (Minor) at 13:55

Period #2

3. Oilers , Nicklas Lidstrom 14 (Shawn Horcoff) at 13:07 (PP)
4. Oilers , Nicklas Lidstrom 15 (Fernando Pisani, Raffi Torres) at 14:40 (PP)

Penalties :
Aaron Ward (CAR) for Hooking (Minor) at 0:46, Ryan Johnson (EDM) for Hooking (Minor) at 4:31, Chris Gratton (CAR) for Cross-checking (Minor) at 11:46, Kevin Bieksa (CAR) for Holding (Minor) at 13:24, Aaron Ward (CAR) for Tripping (Minor) at 17:56

Period #3

5. Hurricanes , Jean-Pierre Vigier 4 (Erik Cole, Brent Sopel) at 14:28
6. Oilers , Ryan Johnson 7 (Chad Kilger, Steve Staios) at 15:31

Penalties :
Aaron Ward (CAR) for Tripping (Minor) at 1:28, Alexei Zhitnik (EDM) for Roughing (Minor) at 3:50, Erik Cole (CAR) for Hooking (Minor) at 10:19, Erik Cole (CAR) for Roughing (Minor) at 15:54

Goalie Stats

Cristobal Huet (CAR), 29 saves from 33 shots - (0.879), L, 27-33-6, 60:00 minutes
Dwayne Roloson (EDM), 20 saves from 22 shots - (0.909), W, 36-31-6, 60:00 minutes

Players Stats

Hurricanes
Player Name              G  A  P  +/- PIM S  H  SB FO MP 
-----------------------------------------------------------
Aaron Miller             0  0  0   0  0   0  0  0  0  16 
Aaron Ward               0  0  0   1  6   0  1  2  0  18 
Brendan Morrison         0  0  0   0  0   0  0  0  0  2  
Brent Sopel              0  1  1   1  0   1  1  0  0  20 
Chris Gratton            0  0  0   1  2   1  0  0  1  12 
Cory Stillman            0  1  1   0  0   1  0  0  2  15 
Eric Belanger            0  0  0   0  0   2  0  0  0  11 
Eric Staal               0  0  0  -1  0   3  1  0  27 20 
Erik Cole                0  1  1   1  4   4  3  0  1  20 
Jean-Pierre Vigier       1  1  2   1  0   3  0  0  14 24 
Joe Corvo                0  0  0  -1  0   0  0  4  0  26 
Jordan Staal             1  0  1   0  0   2  0  0  10 15 
Kevin Bieksa             0  0  0   0  4   0  3  0  0  19 
Ladislav Nagy            0  0  0  -1  0   1  0  0  2  12 
Pavol Demitra            0  0  0  -1  0   1  0  0  12 23 
Sergei Gonchar           0  0  0  -1  0   2  2  2  0  26 
Shawn Bates              0  0  0   0  0   0  1  0  0  11 
Wes Walz                 0  0  0   0  0   1  0  0  12 11 
Oilers
Player Name              G  A  P  +/- PIM S  H  SB FO MP 
-----------------------------------------------------------
Alexei Kovalev           0  0  0   0  0   0  0  0  0  0  
Alexei Zhitnik           0  0  0  -1  4   2  2  1  0  24 
Chad Kilger              0  1  1   1  0   1  2  0  0  8  
Daniel Tjarnqvist        0  0  0  -1  0   1  0  3  0  22 
Fernando Pisani          0  1  1  -1  0   0  2  0  3  24 
Jaroslav Spacek          0  0  0   0  0   1  1  1  0  23 
John Erskine             0  0  0   1  0   1  0  0  0  18 
Marty Reasoner           0  0  0   0  2   2  1  1  4  25 
Nicklas Lidstrom         2  0  2   0  0   4  0  0  0  24 
Petr Sykora              0  0  0   0  0   5  1  0  10 25 
Pierre-Marc Bouchard     0  0  0   0  0   7  0  0  4  23 
Radek Dvorak             0  0  0   0  0   0  0  0  0  5  
Raffi Torres             1  1  2   1  0   2  3  0  0  16 
Ryan Johnson             1  0  1   0  2   3  1  1  26 24 
Ryan Smyth               0  0  0   0  0   0  0  0  0  1  
Saku Koivu               0  1  1  -1  0   4  0  0  28 23 
Shawn Horcoff            0  1  1   0  0   0  0  0  6  8  
Steve Staios             0  2  2   1  2   0  0  0  0  14 

3 Stars

1 - Raffi Torres (EDM)
2 - Nicklas Lidstrom (EDM)
3 - Jean-Pierre Vigier (CAR)

Power Play

Hurricanes - 0 on 4 Attempt(s) - 0.00%
Oilers - 2 on 7 Attempt(s) - 28.57%

Penalty Kill

Hurricanes - 5 on 7 Attempt(s) - 71.43% - Score 0 goal in Penalty Kill
Oilers - 4 on 4 Attempt(s) - 100.00% - Score 0 goal in Penalty Kill

Game Notes

No Game Note

Finance

Level 1 -- Attendance: 4137 (82.74%) -- Ticket Income $413,700.00
Level 2 -- Attendance: 4250 (100.00%) -- Ticket Income $191,250.00
Level 3 -- Attendance: 1726 (80.69%) -- Ticket Income $51,780.00
Level 4 -- Attendance: 3554 (88.85%) -- Ticket Income $71,080.00
Luxury Box -- Attendance: 706 (70.60%) -- Ticket Income $141,200.00
Game was played at the Rexall Place
Total Attendance: 14373 (87.70%)
Total Ticket Income: $940,640.40
Other Income: $151,258.50
Total Income: $1,091,898.00


Play by Play

Period #1

0:01 of 1st period - Ladislav Nagy wins face-off versus Ryan Johnson in neutral zone.
0:13 of 1st period - Icing by Nicklas Lidstrom.
0:14 of 1st period - Ryan Johnson wins face-off versus Jean-Pierre Vigier in Oilers zone.
0:42 of 1st period - Icing by Jaroslav Spacek.
0:43 of 1st period - Eric Staal wins face-off versus Ryan Johnson in Oilers zone.
1:24 of 1st period - Shot by Pavol Demitra.
1:24 of 1st period - Shot Misses the Net.
1:39 of 1st period - Shot by Pierre-Marc Bouchard.
1:39 of 1st period - Stopped by Cristobal Huet without a rebound.
1:40 of 1st period - Ryan Johnson wins face-off versus Chris Gratton in Hurricanes zone.
1:55 of 1st period - Shot by Chris Gratton.
1:55 of 1st period - Stopped by Dwayne Roloson without a rebound.
1:55 of 1st period - Minor Penalty to Steve Staios for Tripping.
1:56 of 1st period - Petr Sykora wins face-off versus Jean-Pierre Vigier in Oilers zone.
2:24 of 1st period - Aaron Ward is hit by Alexei Zhitnik and loses puck.
3:21 of 1st period - Jean-Pierre Vigier is hit by Marty Reasoner and loses puck.
5:12 of 1st period - Off-side.
5:13 of 1st period - Saku Koivu wins face-off versus Jordan Staal in neutral zone.
5:26 of 1st period - Shot by Pierre-Marc Bouchard.
5:26 of 1st period - Shot Misses the Net.
6:27 of 1st period - Icing by Nicklas Lidstrom.
6:28 of 1st period - Marty Reasoner wins face-off versus Eric Staal in Oilers zone.
6:28 of 1st period - Marty Reasoner is hit by Erik Cole.
7:07 of 1st period - Minor Penalty to Alexei Zhitnik for Roughing.
7:08 of 1st period - Ryan Johnson wins face-off versus Eric Staal in Oilers zone.
7:59 of 1st period - Shot by Erik Cole.
7:59 of 1st period - Deflect By Chris Gratton.
7:59 of 1st period - Shot Misses the Net.
8:23 of 1st period - Nicklas Lidstrom is hit by Erik Cole and loses puck.
9:17 of 1st period - Shot by Saku Koivu.
9:17 of 1st period - Stopped by Cristobal Huet without a rebound.
9:18 of 1st period - Jordan Staal wins face-off versus Ryan Johnson in Hurricanes zone.
9:18 of 1st period - Jordan Staal is hit by Raffi Torres.
9:28 of 1st period - Shot by Jean-Pierre Vigier.
9:28 of 1st period - Stopped by Dwayne Roloson with a rebound.
9:30 of 1st period - Shot by Jordan Staal.
9:30 of 1st period - Shot Blocked by Marty Reasoner.
9:32 of 1st period - Shot by Jordan Staal.
9:32 of 1st period - Goal by Jordan Staal - Hurricanes : 1 - Oilers : 0.
9:33 of 1st period - Saku Koivu wins face-off versus Wes Walz in neutral zone.
9:45 of 1st period - Icing by Joe Corvo.
9:46 of 1st period - Wes Walz wins face-off versus Ryan Johnson in Hurricanes zone.
9:46 of 1st period - Joe Corvo is hit by Fernando Pisani and loses puck.
10:06 of 1st period - Icing by Sergei Gonchar.
10:07 of 1st period - Petr Sykora wins face-off versus Wes Walz in Hurricanes zone.
10:12 of 1st period - Shot by John Erskine.
10:12 of 1st period - Stopped by Cristobal Huet without a rebound.
10:13 of 1st period - Jordan Staal wins face-off versus Saku Koivu in Hurricanes zone.
11:33 of 1st period - Shot by Raffi Torres.
11:33 of 1st period - Deflect By Ryan Johnson.
11:33 of 1st period - Stopped by Cristobal Huet without a rebound.
11:34 of 1st period - Ryan Johnson wins face-off versus Wes Walz in Hurricanes zone.
12:13 of 1st period - Jaroslav Spacek is hit by Shawn Bates and loses puck.
12:41 of 1st period - Pierre-Marc Bouchard is hit by Kevin Bieksa and loses puck.
13:55 of 1st period - Shot by Marty Reasoner.
13:55 of 1st period - Stopped by Cristobal Huet without a rebound.
13:55 of 1st period - Minor Penalty to Marty Reasoner for Holding.
13:55 of 1st period - Minor Penalty to Kevin Bieksa for Interference.
13:56 of 1st period - Saku Koivu wins face-off versus Pavol Demitra in Hurricanes zone.
14:11 of 1st period - Shot by Pierre-Marc Bouchard.
14:11 of 1st period - Shot Misses the Net.
14:19 of 1st period - Shot by Pierre-Marc Bouchard.
14:19 of 1st period - Stopped by Cristobal Huet without a rebound.
14:20 of 1st period - Ryan Johnson wins face-off versus Eric Staal in Hurricanes zone.
14:23 of 1st period - Shot by Daniel Tjarnqvist.
14:23 of 1st period - Shot Blocked by Aaron Ward.
14:47 of 1st period - Pavol Demitra is hit by Fernando Pisani and loses puck.
14:54 of 1st period - Shot by Aaron Ward.
14:54 of 1st period - Shot Blocked by Ryan Johnson.
15:16 of 1st period - Shot by Erik Cole.
15:16 of 1st period - Stopped by Dwayne Roloson without a rebound.
15:17 of 1st period - Erik Cole wins face-off versus Saku Koivu in Oilers zone.
15:22 of 1st period - Shot by Erik Cole.
15:22 of 1st period - Stopped by Dwayne Roloson without a rebound.
15:23 of 1st period - Eric Staal wins face-off versus Saku Koivu in Oilers zone.
15:26 of 1st period - Shot by Eric Staal.
15:26 of 1st period - Shot Misses the Net.
15:28 of 1st period - Shot by Aaron Ward.
15:28 of 1st period - Shot Blocked by Jaroslav Spacek.
15:32 of 1st period - Shot by Eric Staal.
15:32 of 1st period - Stopped by Dwayne Roloson without a rebound.
15:33 of 1st period - Saku Koivu wins face-off versus Pavol Demitra in Oilers zone.
15:58 of 1st period - Shot by Raffi Torres.
15:58 of 1st period - Goal by Raffi Torres - Hurricanes : 1 - Oilers : 1.
15:59 of 1st period - Jordan Staal wins face-off versus Petr Sykora in neutral zone.
16:32 of 1st period - Off-side.
16:33 of 1st period - Wes Walz wins face-off versus Saku Koivu in neutral zone.
16:48 of 1st period - Shot by Saku Koivu.
16:48 of 1st period - Stopped by Cristobal Huet with a rebound.
16:52 of 1st period - Shot by Saku Koivu.
16:52 of 1st period - Shot Blocked by Sergei Gonchar.
16:56 of 1st period - Shot by Pierre-Marc Bouchard.
16:56 of 1st period - Shot Blocked by Joe Corvo.
16:58 of 1st period - Shot by Pierre-Marc Bouchard.
16:58 of 1st period - Stopped by Cristobal Huet with a rebound.
17:04 of 1st period - Shot by Daniel Tjarnqvist.
17:04 of 1st period - Stopped by Cristobal Huet without a rebound.
17:05 of 1st period - Ryan Johnson wins face-off versus Jean-Pierre Vigier in Hurricanes zone.
17:26 of 1st period - Shot by Petr Sykora.
17:26 of 1st period - Stopped by Cristobal Huet without a rebound.
17:27 of 1st period - Ryan Johnson wins face-off versus Eric Staal in Hurricanes zone.
17:43 of 1st period - Marty Reasoner is hit by Sergei Gonchar and loses puck.
17:50 of 1st period - Shot by Pavol Demitra.
17:50 of 1st period - Stopped by Dwayne Roloson without a rebound.
17:51 of 1st period - Saku Koivu wins face-off versus Jordan Staal in Oilers zone.
18:08 of 1st period - Shot by Jordan Staal.
18:08 of 1st period - Deflect By Cory Stillman.
18:08 of 1st period - Shot Misses the Net.
18:31 of 1st period - Icing by Daniel Tjarnqvist.
18:32 of 1st period - Saku Koivu wins face-off versus Eric Staal in Oilers zone.
18:32 of 1st period - Saku Koivu is hit by Eric Staal.
19:15 of 1st period - Joe Corvo is hit by Petr Sykora and loses puck.
19:45 of 1st period - Icing by Sergei Gonchar.
19:46 of 1st period - Eric Staal wins face-off versus Shawn Horcoff in Hurricanes zone.
19:46 of 1st period - Eric Staal is hit by Raffi Torres.

Period #2

0:01 of 2nd period - Ryan Johnson wins face-off versus Eric Staal in neutral zone.
0:23 of 2nd period - Shot by Marty Reasoner.
0:23 of 2nd period - Stopped by Cristobal Huet without a rebound.
0:24 of 2nd period - Saku Koivu wins face-off versus Jean-Pierre Vigier in Hurricanes zone.
0:34 of 2nd period - Icing by Erik Cole.
0:35 of 2nd period - Ryan Johnson wins face-off versus Jean-Pierre Vigier in Hurricanes zone.
0:35 of 2nd period - Ryan Johnson is hit by Aaron Ward.
0:46 of 2nd period - Minor Penalty to Aaron Ward for Hooking.
0:47 of 2nd period - Saku Koivu wins face-off versus Pavol Demitra in Hurricanes zone.
0:50 of 2nd period - Shot by Ryan Johnson.
0:50 of 2nd period - Stopped by Cristobal Huet with a rebound.
0:52 of 2nd period - Shot by Ryan Johnson.
0:52 of 2nd period - Shot Blocked by Sergei Gonchar.
0:56 of 2nd period - Shot by Alexei Zhitnik.
0:56 of 2nd period - Stopped by Cristobal Huet without a rebound.
0:57 of 2nd period - Eric Staal wins face-off versus Petr Sykora in Hurricanes zone.
1:33 of 2nd period - Petr Sykora is hit by Brent Sopel and loses puck.
1:55 of 2nd period - Icing by Fernando Pisani.
1:56 of 2nd period - Pavol Demitra wins face-off versus Saku Koivu in Oilers zone.
1:57 of 2nd period - Shot by Erik Cole.
1:57 of 2nd period - Stopped by Dwayne Roloson without a rebound.
1:58 of 2nd period - Saku Koivu wins face-off versus Pavol Demitra in Oilers zone.
2:28 of 2nd period - Shot by Pierre-Marc Bouchard.
2:28 of 2nd period - Stopped by Cristobal Huet without a rebound.
2:29 of 2nd period - Petr Sykora wins face-off versus Eric Staal in Hurricanes zone.
2:49 of 2nd period - Raffi Torres is hit by Kevin Bieksa and loses puck.
3:08 of 2nd period - Jordan Staal is hit by Raffi Torres and loses puck.
3:46 of 2nd period - Pierre-Marc Bouchard is hit by Sergei Gonchar and loses puck.
4:22 of 2nd period - Off-side.
4:23 of 2nd period - Pavol Demitra wins face-off versus Ryan Johnson in neutral zone.
4:31 of 2nd period - Minor Penalty to Ryan Johnson for Hooking.
4:32 of 2nd period - Shawn Horcoff wins face-off versus Pavol Demitra in neutral zone.
4:32 of 2nd period - Nicklas Lidstrom is hit by Erik Cole and loses puck.
5:43 of 2nd period - Shot by Sergei Gonchar.
5:43 of 2nd period - Shot Blocked by Daniel Tjarnqvist.
7:43 of 2nd period - Icing by Sergei Gonchar.
7:44 of 2nd period - Wes Walz wins face-off versus Ryan Johnson in Hurricanes zone.
7:46 of 2nd period - Icing by Eric Belanger.
7:47 of 2nd period - Ryan Johnson wins face-off versus Wes Walz in Hurricanes zone.
9:12 of 2nd period - Icing by Aaron Ward.
9:13 of 2nd period - Saku Koivu wins face-off versus Jean-Pierre Vigier in Hurricanes zone.
9:34 of 2nd period - Shot by Saku Koivu.
9:34 of 2nd period - Stopped by Cristobal Huet without a rebound.
9:35 of 2nd period - Saku Koivu wins face-off versus Wes Walz in Hurricanes zone.
10:12 of 2nd period - Shot by Raffi Torres.
10:12 of 2nd period - Stopped by Cristobal Huet without a rebound.
10:13 of 2nd period - Cory Stillman wins face-off versus Marty Reasoner in Hurricanes zone.
10:19 of 2nd period - Off-side.
10:20 of 2nd period - Marty Reasoner wins face-off versus Jordan Staal in neutral zone.
10:41 of 2nd period - Shot by Erik Cole.
10:41 of 2nd period - Shot Blocked by Daniel Tjarnqvist.
11:37 of 2nd period - Shot by Petr Sykora.
11:37 of 2nd period - Stopped by Cristobal Huet with a rebound.
11:46 of 2nd period - Minor Penalty to Chris Gratton for Cross-checking.
11:47 of 2nd period - Eric Staal wins face-off versus Saku Koivu in Oilers zone.
13:07 of 2nd period - Shot by Nicklas Lidstrom.
13:07 of 2nd period - Goal by Nicklas Lidstrom - Hurricanes : 1 - Oilers : 2.
13:08 of 2nd period - Fernando Pisani wins face-off versus Jordan Staal in neutral zone.
13:24 of 2nd period - Minor Penalty to Kevin Bieksa for Holding.
13:25 of 2nd period - Shawn Horcoff wins face-off versus Eric Staal in Hurricanes zone.
13:54 of 2nd period - Shot by Petr Sykora.
13:54 of 2nd period - Stopped by Cristobal Huet without a rebound.
13:55 of 2nd period - Saku Koivu wins face-off versus Eric Staal in Hurricanes zone.
13:56 of 2nd period - Shot by Pierre-Marc Bouchard.
13:56 of 2nd period - Stopped by Cristobal Huet with a rebound.
13:58 of 2nd period - Shot by Ryan Johnson.
13:58 of 2nd period - Shot Misses the Net.
14:02 of 2nd period - Shot by Pierre-Marc Bouchard.
14:02 of 2nd period - Deflect By Saku Koivu.
14:02 of 2nd period - Shot Misses the Net.
14:04 of 2nd period - Shot by John Erskine.
14:04 of 2nd period - Shot Misses the Net.
14:06 of 2nd period - Shot by Ryan Johnson.
14:06 of 2nd period - Shot Misses the Net.
14:08 of 2nd period - Shot by Pierre-Marc Bouchard.
14:08 of 2nd period - Stopped by Cristobal Huet with a rebound.
14:10 of 2nd period - Shot by Saku Koivu.
14:10 of 2nd period - Stopped by Cristobal Huet with a rebound.
14:12 of 2nd period - Shot by Saku Koivu.
14:12 of 2nd period - Deflect By Pierre-Marc Bouchard.
14:12 of 2nd period - Stopped by Cristobal Huet without a rebound.
14:13 of 2nd period - Fernando Pisani wins face-off versus Pavol Demitra in Hurricanes zone.
14:40 of 2nd period - Shot by Nicklas Lidstrom.
14:40 of 2nd period - Goal by Nicklas Lidstrom - Hurricanes : 1 - Oilers : 3.
14:41 of 2nd period - Jean-Pierre Vigier wins face-off versus Ryan Johnson in neutral zone.
15:45 of 2nd period - Shot by Sergei Gonchar.
15:45 of 2nd period - Shot Blocked by Alexei Zhitnik.
16:51 of 2nd period - Shot by Erik Cole.
16:51 of 2nd period - Stopped by Dwayne Roloson without a rebound.
16:52 of 2nd period - Petr Sykora wins face-off versus Jordan Staal in Oilers zone.
17:56 of 2nd period - Minor Penalty to Aaron Ward for Tripping.
17:57 of 2nd period - Pierre-Marc Bouchard wins face-off versus Eric Staal in Hurricanes zone.
18:27 of 2nd period - Icing by Ryan Johnson.
18:28 of 2nd period - Pavol Demitra wins face-off versus Saku Koivu in Oilers zone.
18:56 of 2nd period - Icing by Jaroslav Spacek.
18:57 of 2nd period - Pavol Demitra wins face-off versus Saku Koivu in Oilers zone.
18:57 of 2nd period - Sergei Gonchar is hit by Jaroslav Spacek and loses puck.

Period #3

0:01 of 3rd period - Eric Staal wins face-off versus Marty Reasoner in neutral zone.
1:28 of 3rd period - Minor Penalty to Aaron Ward for Tripping.
1:29 of 3rd period - Eric Staal wins face-off versus Ryan Johnson in Hurricanes zone.
1:54 of 3rd period - Shot by Jaroslav Spacek.
1:54 of 3rd period - Shot Blocked by Joe Corvo.
1:58 of 3rd period - Shot by Nicklas Lidstrom.
1:58 of 3rd period - Shot Blocked by Joe Corvo.
2:16 of 3rd period - Shot by Alexei Zhitnik.
2:16 of 3rd period - Stopped by Cristobal Huet without a rebound.
2:17 of 3rd period - Eric Staal wins face-off versus Saku Koivu in Hurricanes zone.
2:17 of 3rd period - Eric Staal is hit by Chad Kilger.
2:36 of 3rd period - Icing by Alexei Zhitnik.
2:37 of 3rd period - Ladislav Nagy wins face-off versus Pierre-Marc Bouchard in Oilers zone.
3:29 of 3rd period - Icing by Joe Corvo.
3:30 of 3rd period - Cory Stillman wins face-off versus Fernando Pisani in Hurricanes zone.
3:47 of 3rd period - Shot by Cory Stillman.
3:47 of 3rd period - Stopped by Dwayne Roloson without a rebound.
3:48 of 3rd period - Saku Koivu wins face-off versus Jordan Staal in Oilers zone.
3:50 of 3rd period - Minor Penalty to Alexei Zhitnik for Roughing.
3:51 of 3rd period - Jean-Pierre Vigier wins face-off versus Ryan Johnson in Oilers zone.
4:12 of 3rd period - Shot by Brent Sopel.
4:12 of 3rd period - Stopped by Dwayne Roloson without a rebound.
4:13 of 3rd period - Eric Staal wins face-off versus Petr Sykora in Oilers zone.
4:34 of 3rd period - Shot by Erik Cole.
4:34 of 3rd period - Shot Misses the Net.
4:42 of 3rd period - Shot by Eric Staal.
4:42 of 3rd period - Stopped by Dwayne Roloson without a rebound.
4:43 of 3rd period - Ryan Johnson wins face-off versus Eric Staal in Oilers zone.
4:49 of 3rd period - Icing by Joe Corvo.
4:50 of 3rd period - Ryan Johnson wins face-off versus Eric Staal in Hurricanes zone.
5:09 of 3rd period - Shot by Eric Staal.
5:09 of 3rd period - Stopped by Dwayne Roloson with a rebound.
5:11 of 3rd period - Shot by Sergei Gonchar.
5:11 of 3rd period - Stopped by Dwayne Roloson without a rebound.
5:12 of 3rd period - Petr Sykora wins face-off versus Jean-Pierre Vigier in Oilers zone.
5:21 of 3rd period - Shot by Petr Sykora.
5:21 of 3rd period - Stopped by Cristobal Huet without a rebound.
5:22 of 3rd period - Jean-Pierre Vigier wins face-off versus Ryan Johnson in Hurricanes zone.
5:22 of 3rd period - Jean-Pierre Vigier is hit by Ryan Johnson.
6:05 of 3rd period - Icing by John Erskine.
6:06 of 3rd period - Wes Walz wins face-off versus Saku Koivu in Oilers zone.
6:17 of 3rd period - Shot by Pierre-Marc Bouchard.
6:17 of 3rd period - Shot Misses the Net.
8:10 of 3rd period - Shot by Sergei Gonchar.
8:10 of 3rd period - Stopped by Dwayne Roloson without a rebound.
8:11 of 3rd period - Shawn Horcoff wins face-off versus Pavol Demitra in Oilers zone.
8:50 of 3rd period - Shot by Erik Cole.
8:50 of 3rd period - Shot Misses the Net.
8:59 of 3rd period - Icing by Nicklas Lidstrom.
9:00 of 3rd period - Wes Walz wins face-off versus Shawn Horcoff in Oilers zone.
9:32 of 3rd period - Shot by Eric Belanger.
9:32 of 3rd period - Stopped by Dwayne Roloson without a rebound.
9:33 of 3rd period - Saku Koivu wins face-off versus Jean-Pierre Vigier in Oilers zone.
9:44 of 3rd period - Shot by Cory Stillman.
9:44 of 3rd period - Shot Misses the Net.
9:46 of 3rd period - Shot by Jean-Pierre Vigier.
9:46 of 3rd period - Stopped by Dwayne Roloson with a rebound.
9:49 of 3rd period - Cory Stillman is hit by Alexei Zhitnik and loses puck.
10:19 of 3rd period - Minor Penalty to Erik Cole for Hooking.
10:20 of 3rd period - Eric Staal wins face-off versus Ryan Johnson in neutral zone.
10:36 of 3rd period - Shot by Petr Sykora.
10:36 of 3rd period - Shot Blocked by Joe Corvo.
10:38 of 3rd period - Shot by Nicklas Lidstrom.
10:38 of 3rd period - Shot Misses the Net.
10:40 of 3rd period - Shot by Nicklas Lidstrom.
10:40 of 3rd period - Stopped by Cristobal Huet with a rebound.
10:44 of 3rd period - Shot by Nicklas Lidstrom.
10:44 of 3rd period - Shot Misses the Net.
10:48 of 3rd period - Shot by Nicklas Lidstrom.
10:48 of 3rd period - Stopped by Cristobal Huet without a rebound.
10:49 of 3rd period - Eric Staal wins face-off versus Ryan Johnson in Hurricanes zone.
11:42 of 3rd period - Shot by Petr Sykora.
11:42 of 3rd period - Stopped by Cristobal Huet without a rebound.
11:43 of 3rd period - Eric Staal wins face-off versus Shawn Horcoff in Hurricanes zone.
11:43 of 3rd period - Eric Staal is hit by Chad Kilger.
13:37 of 3rd period - Icing by Sergei Gonchar.
13:38 of 3rd period - Saku Koivu wins face-off versus Wes Walz in Hurricanes zone.
13:45 of 3rd period - Shot by Fernando Pisani.
13:45 of 3rd period - Shot Misses the Net.
13:53 of 3rd period - Shot by Shawn Bates.
13:53 of 3rd period - Shot Misses the Net.
13:55 of 3rd period - Shot by Wes Walz.
13:55 of 3rd period - Stopped by Dwayne Roloson with a rebound.
13:57 of 3rd period - Shot by Shawn Bates.
13:57 of 3rd period - Shot Blocked by Daniel Tjarnqvist.
13:59 of 3rd period - Shot by Eric Belanger.
13:59 of 3rd period - Stopped by Dwayne Roloson without a rebound.
14:00 of 3rd period - Jean-Pierre Vigier wins face-off versus Pierre-Marc Bouchard in Oilers zone.
14:28 of 3rd period - Shot by Jean-Pierre Vigier.
14:28 of 3rd period - Goal by Jean-Pierre Vigier - Hurricanes : 2 - Oilers : 3.
14:29 of 3rd period - Saku Koivu wins face-off versus Eric Staal in neutral zone.
15:29 of 3rd period - Shot by Chad Kilger.
15:29 of 3rd period - Stopped by Cristobal Huet with a rebound.
15:31 of 3rd period - Shot by Ryan Johnson.
15:31 of 3rd period - Goal by Ryan Johnson - Hurricanes : 2 - Oilers : 4.
15:32 of 3rd period - Jordan Staal wins face-off versus Pierre-Marc Bouchard in neutral zone.
15:51 of 3rd period - Shot by Jordan Staal.
15:51 of 3rd period - Stopped by Dwayne Roloson without a rebound.
15:52 of 3rd period - Petr Sykora wins face-off versus Jean-Pierre Vigier in Oilers zone.
15:54 of 3rd period - Minor Penalty to Erik Cole for Roughing.
15:55 of 3rd period - Eric Staal wins face-off versus Ryan Johnson in neutral zone.
16:03 of 3rd period - Off-side.
16:04 of 3rd period - Eric Staal wins face-off versus Saku Koivu in neutral zone.
16:53 of 3rd period - Shot by Jaroslav Spacek.
16:53 of 3rd period - Stopped by Cristobal Huet with a rebound.
16:55 of 3rd period - Shot by Fernando Pisani.
16:55 of 3rd period - Shot Misses the Net.
17:05 of 3rd period - Shot by Nicklas Lidstrom.
17:05 of 3rd period - Shot Blocked by Aaron Ward.
18:09 of 3rd period - Shot by Raffi Torres.
18:09 of 3rd period - Shot Misses the Net.
19:16 of 3rd period - Icing by Aaron Miller.
19:17 of 3rd period - Petr Sykora wins face-off versus Pavol Demitra in Hurricanes zone.
19:17 of 3rd period - Steve Staios is hit by Kevin Bieksa and loses puck.
19:40 of 3rd period - Shot by Ladislav Nagy.
19:40 of 3rd period - Stopped by Dwayne Roloson without a rebound.
19:41 of 3rd period - Wes Walz wins face-off versus Saku Koivu in Oilers zone.
19:51 of 3rd period - Off-side.
19:52 of 3rd period - Ryan Johnson wins face-off versus Jean-Pierre Vigier in neutral zone.


Output by the SimonT Hockey Simulator (STHS) for Stephane Roy -- Original Page W3C XHTML 1.0 Valid